 Dungeon Crawl Stone Soup version 0.29.1-1-gd02db6906a (webtiles) character file.

Game seed: 9521513504350761177

4 brightshaft the Caller (level 1, 0/7 HPs)
             Began as a Felid Summoner on Sept 24, 2022.
             Slain by a quokka (3 damage)
             ... on level 1 of the Dungeon.
             The game lasted 00:00:54 (158 turns).

brightshaft the Caller (Felid Summoner)              Turns: 158, Time: 00:00:54

Health: 0/7        AC:  1    Str:  4    XL:     1   Next: 50%
Magic:  3/4        EV: 17    Int: 16    God:
Gold:   0          SH:  0    Dex: 16    Spells: 3/4 levels left
                                        Lives:  0   Deaths: 0

rFire   . . .      SeeInvis +   (weapon unavailable)
rCold   . . .      Faith    .   (shield unavailable)
rNeg    . . .      Spirit   .   (body armour unavailable)
rPois   .          Reflect  .   (helmet unavailable)
rElec   .          Harm     .   (cloak unavailable)
rCorr   .          Rampage  .   (gloves unavailable)
Will    .....                   (boots unavailable)
Stlth   ++........              (no amulet)
HPRegen 0.02/turn               (no ring)
MPRegen 0.09/turn               (no ring)

@: quick
A: very small, claws 1, fangs 3, see invisible, speed 1, shaggy fur 1, stealthy
paws, no weapons or thrown items, no armour, multi-lived
a: no special abilities


You were on level 1 of the Dungeon.
You visited 1 branch of the dungeon, and saw 1 of its levels.

Inventory:

Scrolls
 b - a scroll of brand weapon {unknown}
Potions
 a - a potion of magic


   Skills:
 - Level 2.6 Dodging
 - Level 2.6 Stealth
 + Level 2.1 Spellcasting
 * Level 4.1 Summonings


You had 3 spell levels left.
You knew the following spells:

 Your Spells              Type           Power      Damage    Failure   Level
a - Summon Small Mammal   Summ           60%        N/A       3%          1

Your spell library contained the following spells:

 Spells                   Type           Power      Damage    Failure   Level
 Call Imp                 Summ           15%        N/A       5%          2
 Call Canine Familiar     Summ           15%        N/A       11%         3
 Summon Guardian Golem    Hex/Summ       8%         N/A       26%         3
 Summon Lightning Spire   Summ/Air       8%         N/A       65%         4


Dungeon Overview and Level Annotations

Branches:
Dungeon (1/15)

Altars:


Innate Abilities, Weirdness & Mutations

You have sharp claws.
You have razor-sharp teeth.
You have supernaturally acute eyesight. (SInv)
You cover ground quickly. (Speed+)
You are covered in fur. (AC +1)
Your paws help you pounce on unaware monsters.
You are incapable of wielding weapons or throwing items.
You cannot wear armour.
You gain extra lives every three experience levels.


Message History

The quokka is moderately wounded.
The quokka bites you.
Your rat barely misses the quokka.
You closely miss the quokka.
The quokka is moderately wounded.
The quokka bites you.
Your rat barely misses the quokka.
You are too injured to fight recklessly!
You are too injured to fight recklessly!
You are too injured to fight recklessly!
You are too injured to fight recklessly!
A quokka is nearby!
Your rat bites the quokka but does no damage.
Your rat misses the quokka. You barely miss the quokka.
Your bite misses the quokka.
The quokka is moderately wounded.
The quokka closely misses you.
Your rat closely misses the quokka.
Sorry, you're not good enough to have a special ability.
Casting: Summon Small Mammal (safe; 3% risk of failure)
Confirm with . or Enter, or press ? or * to list all spells.
The quokka misses you. The quokka completely misses you.
Your rat bites the quokka.
You swap places.
Your quokka completely misses the quokka.
The quokka bites your quokka.
Your rat bites the quokka but does no damage.
Your quokka barely misses the quokka.
The quokka bites your quokka.
Your rat bites the quokka but does no damage.
The quokka bites your rat.
Your quokka closely misses the quokka.
Your rat closely misses the quokka.
The quokka barely misses your rat.
Your quokka bites the quokka.
Your rat bites the quokka but does no damage.
The quokka bites your rat.
Your rat dies!
Your rat's corpse disappears in a puff of smoke!
Your quokka misses the quokka. The quokka bites your quokka.
Your quokka dies!
Your quokka's corpse disappears in a puff of smoke!
The quokka bites you.
You die...

###############
#.............##
##.#.........#..#
#..###P###.###§.#
#..#.........#.†# #
#.@#.#.#.#P#.#..# #
#.r#....†....#..###
#..###P###P###.....
#..#P.PP_P...#.#.##
#..###.###.###.#.##
#..# ... ... #...##
#..# #.# P# #.###
#..# ... #. #..#
#P# #.


You could see a quokka.

Vanquished Creatures
  A ball python (D:1)
  A rat (D:1)
2 creatures vanquished.

Vanquished Creatures (collateral kills)
  A dart slug (D:1)
1 creature vanquished.

Grand Total: 3 creatures vanquished

Notes
Turn   | Place    | Note
-------+----------+-------------------------------------------
     0 | D:1      | brightshaft the Felid Summoner began the quest for the Orb.
     0 | D:1      | Reached XP level 1. HP: 7/7 MP: 4/4
   119 | D:1      | Found a faded altar of an unknown god.
   158 | D:1      | Slain by a quokka

Illustrated notes

Levels and vault maps discovered:
D:1:      matt_arrival_grand_opening, layout_loops_ring,
          shapermc_ecumenical_altar_mp_urbaneastern

Action                   || total
-------------------------++-------
Melee: Unarmed           ||    10
       Bite              ||     1
 Cast: Summon Small Mamm ||     4
 Stab: Sleeping          ||     2
Armor: Skin              ||     1
Dodge: Dodged            ||     9
